 Dungeon Crawl Stone Soup version 0.30-a0-737-gf23d94013f (webtiles) character file.

Game seed: 16807565210385470182

222 retardedninja the Covered (level 5, -1/34 HPs)
             Began as a Gargoyle Fighter on Feb 2, 2023.
             Slain by a gnoll
             ... wielding a +0 flail
             ... led by a gnoll bouda
              (2 damage)
             ... on level 4 of the Dungeon.
             The game lasted 00:04:49 (2895 turns).

retardedninja the Covered (Gargoyle Fighter)        Turns: 2895, Time: 00:04:50

Health: -1/34      AC: 14    Str: 20    XL:     5   Next: 99%
Magic:  5/5        EV:  9    Int: 13    God:
Gold:   155        SH:  4    Dex:  8    Spells: 4/4 levels left

rFire   . . .      SeeInvis .    q - +2 mace (holy)
rCold   . . .      Faith    .    c - +0 buckler
rNeg    + . .      Spirit   .    b - +0 scale mail
rPois   ∞          Reflect  .    o - +0 helmet
rElec   +          Harm     .    e - +0 cloak
rCorr   .          Rampage  .    (no gloves)
Will    +....                    l - +0 pair of boots Stlth
                                 (no amulet)
HPRegen 0.25/turn                (no ring)
MPRegen 0.09/turn                (no ring)

@: mighty, flying
A: sickness immunity, AC +4, negative energy resistance 1, electricity
resistance, torment resistance 1, petrification resistance, big wings, clever 1,
strong-willed 1
a: no special abilities


You were on level 4 of the Dungeon.
You visited 1 branch of the dungeon, and saw 4 of its levels.

You collected 155 gold pieces.

Inventory:

Hand Weapons
 q - a +2 mace of holy wrath (weapon)
Missiles
 p - 4 boomerangs (quivered)
Armour
 b - a +0 scale mail (worn)
 c - a +0 buckler (worn)
 e - a +0 cloak (worn)
 l - a +0 pair of boots (worn)
 o - a +0 helmet (worn)
Scrolls
 d - 2 scrolls of identify {unknown}
 f - a scroll of amnesia
 g - a scroll of blinking {unknown}
 h - a scroll of magic mapping {unknown}
 m - a scroll of noise {unknown}
Potions
 a - a potion of mutation
 i - a potion of magic {unknown}
 k - 2 potions of curing
 n - a potion of might


   Skills:
 + Level 4.4 Fighting
 + Level 3.3 Maces & Flails
 + Level 1.1 Throwing
 + Level 4.4 Armour
 + Level 4.3 Shields


You had 4 spell levels left.
You didn't know any spells.
Your spell library contained the following spells:

 Spells                   Type           Power      Damage    Failure   Level
 Freezing Cloud           Conj/Ice/Air   0%         6-21      100%        5
 Simulacrum               Ice/Necr       0%         N/A       100%        6
 Polar Vortex             Ice            0%         N/A       100%        9


Dungeon Overview and Level Annotations

Branches:
Dungeon (4/15)
 Temple: D:4-7

Altars:


Innate Abilities, Weirdness & Mutations

You are immune to sickness and miasma.
Your stone body is resilient. (AC +4)
You are immune to poison.
You resist negative energy. (rN+)
You are resistant to electric shocks. (rElec)
You are resistant to unholy torment.
You are immune to petrification.
Your large and strong wings let you fly.
Your mind is acute. (Int +4, Str/Dex -1)
You are strong-willed. (Will+)


Message History

The gnoll bouda is lightly wounded.
The gnoll hits you but does no damage.
The gnoll bouda hits you but does no damage.
The gnoll hits you but does no damage. x2; You block the gnoll's attack.
You throw a boomerang of dispersal.
The boomerang of dispersal closely misses the gnoll bouda.
The gnoll bouda hits you with a +1 whip of venom.
The gnoll hits you with a +0 club. The gnoll barely misses you.
The gnoll hits you but does no damage.
You feel very mighty all of a sudden.
The gnoll bouda hits you with a +1 whip of venom!
The gnoll hits you but does no damage.
The gnoll hits you from afar with a +0 halberd!
The gnoll barely misses you.
It was a potion of mutation.
You feel extremely strange.
You feel clever.
You feel strong-willed.
Your wings grow larger and stronger.
The gnoll bouda hits you but does no damage.
The gnoll hits you but does no damage. You block the gnoll's attack.
The gnoll barely misses you.
It was a potion of curing.
You feel better.
The gnoll is no longer moving quickly.
The gnoll bouda barely misses you. The gnoll hits you but does no damage.
You block the gnoll's attack. The gnoll hits you with a +0 flail.
You sock the gnoll!
The gnoll is almost dead.
The gnoll bouda barks out a call to the hunt!
The gnoll picks up the pace!
The gnoll hits you with a +0 club.
The gnoll hits you from afar with a +0 halberd.
You block the gnoll's attack.
The gnoll bouda hits you with a +1 whip of venom.
* * * LOW HITPOINT WARNING * * *
You block the gnoll's attack.
As you read the scroll labelled LOHITARIGU, it crumbles to dust.
It is a scroll of amnesia.
You feel forgetful for a moment.
The gnoll is no longer moving quickly.
The gnoll hits you from afar with a +0 halberd!
* * * LOW HITPOINT WARNING * * *
The gnoll hits you with a +0 flail.
You die...

##...## ##...## #.## ##.###.##
##.....## ##..# #.## ##.#
##.......## ##.#.# #.#
#.####.........####....#### #.##
##....†.........+...........
##.###..####.........####.....###
##....## ##.......## ##....#
####.# ##..)..## ####.# #.#
##g@g## #.# #.# ##g## #.# #.# #g#
#.# #.# #.....ggg #.# #..
#..####g# ### ...# #... ##... .##


You could see a gnoll bouda and 3 gnolls.

Vanquished Creatures
  A scorpion (D:4)
  A jelly (D:4)
  Terence (D:3)
  2 adders (D:2)
  A gnoll (D:4)
  3 dart slugs
  An orc (D:3)
  7 bats
  7 endoplasms
  2 giant cockroaches
  6 goblins
  13 hobgoblins
  2 jackals (D:1)
  7 kobolds
  3 quokkas
  6 ball pythons
  5 frilled lizards
  6 rats
74 creatures vanquished.

Vanquished Creatures (others)
  2 fungi (D:4)
2 creatures vanquished.

Grand Total: 76 creatures vanquished

Notes
Turn   | Place    | Note
-------+----------+-------------------------------------------
     0 | D:1      | retardedninja the Gargoyle Fighter began the quest for the
                  | Orb.
     0 | D:1      | Reached XP level 1. HP: 14/14 MP: 1/1
    58 | D:1      | Reached XP level 2. HP: 19/19 MP: 2/2
   319 | D:1      | Reached XP level 3. HP: 23/23 MP: 3/3
   451 | D:1      | You fall into a shaft and drop 1 floor!
   691 | D:2      | Reached XP level 4. HP: 16/29 MP: 4/4
  1838 | D:3      | Noticed Terence
  1850 | D:3      | Killed Terence
  2176 | D:3      | Reached XP level 5. HP: 33/33 MP: 5/5
  2844 | D:4      | Reached skill level 1 in Throwing
  2892 | D:4      | Gained mutation: Your mind is acute. (Int +4, Str/Dex -1)
                  | [potion of mutation]
  2892 | D:4      | Gained mutation: You are strong-willed. (Will+) [potion of
                  | mutation]
  2892 | D:4      | Gained mutation: Your large and strong wings let you fly.
                  | [potion of mutation]
  2895 | D:4      | HP: 1/34 [gnoll/+0 halberd[a gnoll bouda] (9)]
  2895 | D:4      | Slain by a gnoll

Illustrated notes

Levels and vault maps discovered:
D:1:      minmay_arrival_diagonal_passages, layout_basic, st_stairs_8,
          minmay_misc_feat_columns
D:2:      layout_rooms, minmay_curled_crystal, minmay_circle_x
D:3:      layout_basic, hex_tiny, roderic_serpentine_path, uniq_terence
D:4:      layout_loops_corners, uniq_eustachio, uniq_crazy_yiuf_cottage

Skill      XL: |  1  2  3  4  5 |
---------------+----------------+-----
Fighting       | 4 |  4.4
Armour         | 4 |  4.4
Shields        | 4 |  4.3
Maces & Flails | 3 |  3.3
Throwing       | 1 |  1.1

Action                     |  1- 3 |  4- 6 || total
---------------------------+-------+-------++-------
  Melee: Flail             |   119 |    80 ||   199
         Mace              |       |    24 ||    24
  Throw: Boomerang         |       |    41 ||    41
    Use: Potion            |     1 |     3 ||     4
         Scroll            |       |     1 ||     1
 Armour: Scale mail        |    98 |    79 ||   177
  Dodge: Dodged            |    73 |    59 ||   132
  Block: Buckler           |    42 |    27 ||    69

Table legend: (Time is in decaauts)
 A = Elapsed time spent in this place.
 B = Non-inter-level travel time spent in this place.
 C = Inter-level travel time spent in this place.
 D = Time resting spent in this place.
 E = Time spent auto-exploring this place.
 F = Levels seen in this place.
 G = Mean time per level.
                   A        B        C        D        E       F      G
               +--------+--------+--------+--------+--------+-----+--------+
         Total |   2974 |   2866 |    108 |    362 |   1838 |   4 |  743.5 |
       Dungeon |   2974 |   2866 |    108 |    362 |   1838 |   4 |  743.5 |
               +--------+--------+--------+--------+--------+-----+--------+

Top non-repeatable levels by time:
     D:3: 958 daAuts
     D:2: 901 daAuts
     D:1: 894 daAuts
     D:4: 219 daAuts
